 Dungeon Sprint DCSS version 0.26-a0-1058-g8dc6ce00ff (webtiles) character file.

Game seed: 16578158262286158291

3826 Adamkad1 the Blocker (level 10, -25/88 HPs)
             Began as a Formicid Fighter on Dec 13, 2020.
             Was a Follower of Uskayaw.
             Annihilated by Qotih the pandemonium lord (30 damage)
             ... in the Dungeon (Sprint V: "Ziggurat Sprint").
             The game lasted 00:06:25 (667 turns).

Adamkad1 the Blocker (Formicid Fighter)              Turns: 667, Time: 00:06:26

Health: -25/88     AC: 30    Str: 33    XL:     10   Next: 40%
Magic:  16/16      EV:  3    Int: 15    God:    Uskayaw [*.....]
Gold:   0          SH: 33    Dex: 10    Spells: 9/9 levels left

rFire    x . .     SeeInvis +   B - +10 dark maul {vorpal}
rCold    + + .     Faith    .   D - +18 shield of the Gong {rElec rN+ Will+ EV-5}
rNeg     + . .     Spirit   .   C - +15 Maxwell's patent armour {-Cast -Tele rElec Will+ rCorr}
rPois    +         Reflect  .   (helmet unavailable)
rElec    +         Harm     .   (no cloak)
rCorr    +         Rampage  .   (no gloves)
Will     ++++.     NoCast   +   (no boots)
Stlth    ..........             c - amulet of magic regeneration
HPRegen  0.24/turn              H - ring "Quvauff" {*Slow rC+ Will+ Str+4 Int+7}
MPRegen  0.40/turn              G - ring of Xom's Flight of Fancy {Ice rPois Str+5}

@: no status effects
A: permanent stasis, dig shafts and tunnels, four strong arms, antennae 3
a: Dig, Stomp, Renounce Religion


You were in the Dungeon.
You worshipped Uskayaw.
Uskayaw was aware of your devotion.
You visited 1 branch

Inventory:

Hand Weapons
 B - the +10 dark maul (weapon) {vorpal}
   (You found it in the Dungeon)

   It inflicts extra damage upon your enemies.
Armour
 C - the +15 Maxwell's patent armour (worn) {-Cast -Tele rElec Will+ rCorr}
   (You found it in the Dungeon)

   It insulates you from electricity.
   It affects your willpower, your defense against some magical effects.
   It prevents spellcasting.
   It prevents most forms of teleportation.
   It provides partial protection from all sources of acid and corrosion.
 D - the +18 shield of the Gong (worn) {rElec rN+ Will+ EV-5}
   (You found it in the Dungeon)

   It affects your evasion (-5).
   It insulates you from electricity.
   It protects you from negative energy.
   It affects your willpower, your defense against some magical effects.
Jewellery
 a - an uncursed ring of poison resistance
 c - an amulet of magic regeneration (around neck)
 k - the ring of Shadows {Umbra +Inv Stlth+}
   (You found it in the Dungeon)

   [ring of stealth]

   It lets you turn invisible.
   It makes you more stealthy.
 u - an uncursed ring of flight
 v - a +6 ring of dexterity
 w - a +6 ring of dexterity
 x - a +6 ring of intelligence
 y - a +6 ring of intelligence
 z - a +6 ring of strength
 A - a +6 ring of strength
 E - a +6 ring of strength
 F - an uncursed ring of magical power
 G - the ring of Xom's Flight of Fancy (right hand) {Ice rPois Str+5}
   (You found it in the Dungeon)

   [ring of ice]

   It enhances your ice magic.
   It affects your strength (+5).
   It makes you vulnerable to fire.
   It protects you from cold.
   It protects you from poison.
 H - the ring "Quvauff" (left hand) {*Slow rC+ Will+ Str+4 Int+7}
   (You found it in the Dungeon)

   [ring of willpower]

   It affects your strength (+4).
   It affects your intelligence (+7).
   It protects you from cold.
   It affects your willpower, your defense against some magical effects.
   It may slow you when you take damage.
Wands
 r - a wand of disintegration (7)
 s - a wand of iceblast (7)
 t - a wand of acid (7)
Scrolls
 b - a scroll of brand weapon
 l - 4 scrolls of amnesia
 m - 7 scrolls of fog
 n - a scroll of holy word
 o - 5 scrolls of identify
 p - 5 scrolls of remove curse
 q - 2 scrolls of fear
Potions
 d - 6 potions of might
 e - 10 potions of curing
 f - 5 potions of heal wounds
 g - 7 potions of magic
 h - 2 potions of brilliance
 i - 2 potions of invisibility
 j - 4 potions of resistance


   Skills:
 + Level 11.4 Fighting
 * Level 12.2 Maces & Flails
 + Level 11.4 Armour
 + Level 14.6 Shields
 + Level 8.1 Invocations


You had 9 spell levels left.
You didn't know any spells.
Your spell library was empty.

Dungeon Overview and Level Annotations

Branches:
Dungeon (1/1)

Altars:
Ashenzari
Cheibriados
Dithmenos
Elyvilon
Fedhas
Gozag
Hepliaklqana
Kikubaaqudgha
Makhleb
Nemelex Xobeh
Okawaru
Qazlal
Ru
Sif Muna
Trog
Uskayaw
Vehumet
Wu Jian
Xom
Yredelemnul
Zin
The Shining One
Beogh
Jiyva
Lugonu

Annotations:
D 1 transporter


Innate Abilities, Weirdness & Mutations

You cannot be hasted, slowed, berserked, paralysed or teleported.
You can dig through walls and to a lower floor.
Your four strong arms can wield two-handed weapons with a shield.
You have a pair of large antennae on your head. (SInv)


Message History

You block Qotih's attack.
GONNNNG!
You beat Qotih like a drum!!!
Qotih is heavily wounded.
The quasit bites you but does no damage.
You block the quasit's attack.
GONNNNG!
You block the quasit's attack.
BONNNG!
Qotih hits you!!
* * * LOW HITPOINT WARNING * * *
The quicksilver dragon bites you but does no damage.
You block the quicksilver dragon's attack.
GONNNNG!
The quasit bites you but does no damage.
You block the quasit's attack.
GONNNNG!
The quasit claws you but does no damage.
The crimson imp blinks!
Qotih hits you!!
You die...

▓...©...▓
▓▓▓▓▓▓▓▓▓
▓..8©8..▓
{
▓..}:)..▓
▓..[))..▓
▓.......▓
▓5......▓
▓.D&5...▓
▓..@3...▓
▓.▓5§.▓.▓
▓...©.5.▓
▓▓▓▓▓▓▓▓▓


{{{{{ {{{{ You could see Qotih, a quicksilver dragon (summoned), a smoke demon,
a quasit, 2 crimson imps and a shadow imp.

Vanquished Creatures
  A dancing weapon (D)
  A deep elf knight (D)
  3 deep elf magi (D)
  2 draconians (D)
  2 hell hounds (D)
  2 black bears (D)
  A necrophage (D)
  2 eyes of draining (D)
  2 wolves (D)
  A crimson imp (D)
  An ooze (D)
  2 bat skeletons (D)
  A bat zombie (D)
  2 jackal skeletons (D)
  A quokka skeleton (D)
24 creatures vanquished.

Notes
Turn   | Place    | Note
-------+----------+-------------------------------------------
     0 | D        | Adamkad1 the Formicid Fighter began the quest for the Orb.
     0 | D        | Reached XP level 1. HP: 18/18 MP: 1/1
     0 | D        | Found a shimmering blue altar of Sif Muna.
     0 | D        | Found a bloodstained altar of Trog.
     0 | D        | Found a sacrificial altar of Ru.
     0 | D        | Found a stormy altar of Qazlal.
     0 | D        | Found an iron altar of Okawaru.
     1 | D        | Found a sparkling altar of Nemelex Xobeh.
     1 | D        | Found a blossoming altar of Fedhas.
     2 | D        | Found the +6 Majin-Bo {vamp, MP+6 Int+6}
     2 | D        | Found the +9 heavy crossbow "Sniper" {vorpal, Acc+∞ SInv}
     2 | D        | Found the +10 dark maul {vorpal}
     2 | D        | Found the +15 Maxwell's patent armour {-Cast -Tele rElec
                  | Will+ rCorr}
     2 | D        | Found the +18 shield of the Gong {rElec rN+ Will+ EV-5}
     2 | D        | Found the cursed +14 obsidian axe {vorpal, +Fly SInv
                  | *Curse}
     2 | D        | Found the +7 great mace "Firestarter" {inner flame, rF++}
     2 | D        | Found the +6 shillelagh "Devastator" {shatter}
     2 | D        | Found the +11 plutonium sword {*Contam Stlth-}
     2 | D        | Found the +8 lance "Wyrmbane" {slay drac, rPois rF+ rC+
                  | AC+3}
     2 | D        | Found the +9 sword of Zonguldrok {reap}
     2 | D        | Found the cursed +13 scythe of Curses {drain, *Curse}
     2 | D        | Found the +0 sword of Power
     2 | D        | Found the +7 mace of Variability {chain chaos}
     2 | D        | Found the +7 Singing Sword {vorpal, sonic wave}
     2 | D        | Found the +8 storm bow {elec, penet}
     4 | D        | Found an ancient bone altar of Kikubaaqudgha.
     4 | D        | Found a transporter.
     4 | D        | Found a corrupted altar of Lugonu.
     4 | D        | Found a viscous altar of Jiyva.
     4 | D        | Found a burning altar of Makhleb.
     4 | D        | Found a hazy altar of Hepliaklqana.
     4 | D        | Found an opulent altar of Gozag.
    56 | D        | Reached skill level 9 in Shields
    56 | D        | Reached XP level 2. HP: 24/24 MP: 2/2
    83 | D        | Became a worshipper of Uskayaw the Reveller
   102 | D        | Entered arena 2.
   102 | D        | Noticed a draconian
   102 | D        | Noticed a draconian
   102 | D        | Found a transporter.
   104 | D        | Reached * piety under Uskayaw
   108 | D        | Killed a draconian
   109 | D        | Reached skill level 11 in Shields
   109 | D        | Reached XP level 3. HP: 31/36 MP: 3/3
   109 | D        | Reached XP level 4. HP: 38/43 MP: 4/4
   109 | D        | Reached XP level 5. HP: 42/48 MP: 5/5
   109 | D        | Reached XP level 6. HP: 48/55 MP: 6/6
   109 | D        | Reached XP level 7. HP: 53/60 MP: 7/7
   110 | D        | Reached ** piety under Uskayaw
   111 | D        | Reached *** piety under Uskayaw
   112 | D        | Killed a draconian
   113 | D        | Reached skill level 12 in Shields
   113 | D        | Reached XP level 8. HP: 63/70 MP: 8/8
   148 | D        | Entered arena 3.
   148 | D        | Found a transporter.
   153 | D        | Reached skill level 1 in Invocations
   229 | D        | Entered arena 4.
   229 | D        | Found a transporter.
   230 | D        | Found the ring of Shadows {Umbra +Inv Stlth+}
   233 | D        | Reached skill level 13 in Shields
   234 | D        | Reached **** piety under Uskayaw
   279 | D        | Entered arena 5.
   279 | D        | Found a transporter.
   285 | D        | Reached XP level 9. HP: 74/78 MP: 10/12
   300 | D        | Entered arena 6.
   300 | D        | Noticed a deep elf mage
   300 | D        | Noticed a deep elf mage
   300 | D        | Noticed a +4 dire flail of holy wrath
   300 | D        | Noticed a deep elf knight
   300 | D        | Noticed a deep elf mage
   300 | D        | Found a transporter.
   305 | D        | Killed a deep elf mage
   306 | D        | Reached skill level 10 in Fighting
   306 | D        | Reached skill level 10 in Maces & Flails
   306 | D        | Reached skill level 10 in Armour
   306 | D        | Reached skill level 5 in Invocations
   309 | D        | Killed a deep elf mage
   311 | D        | Killed a deep elf mage
   312 | D        | Reached skill level 14 in Shields
   313 | D        | Killed a deep elf knight
   313 | D        | Reached ***** piety under Uskayaw
   314 | D        | Reached XP level 10. HP: 21/87 MP: 15/15
   316 | D        | Killed a +4 dire flail of holy wrath
   628 | D        | Got the ring of Xom's Flight of Fancy {Ice rPois Str+5}
   634 | D        | Entered arena 7.
   635 | D        | Found a transporter.
   651 | D        | Got the ring "Quvauff" {*Slow rC+ Will+ Str+4 Int+7}
   661 | D        | Entered arena 8.
   661 | D        | Noticed Qotih the pandemonium lord
   661 | D        | Noticed a smoke demon
   662 | D        | Found a transporter.
   666 | D        | Noticed a quicksilver dragon
   667 | D        | Annihilated by Qotih the pandemonium lord

Illustrated notes

Levels and vault maps discovered:
D:        sprint_v [room_start, room_1, room_2, room_3, room_4, room_5, room_6,
          room_7, room_8, room_9, room_10, room_11, room_12, room_13, room_14,
          room_15, room_16, room_17, room_18, room_19, room_20, room_21,
          room_22, room_23, room_24, room_25, room_26, room_27]

Skill      XL: |  1  2  3  4  5  6  7  8  9 10 |
---------------+-------------------------------+-----
Shields        | 9 11 12 13 14 | 14.6
Fighting       | 7 8 9 11 | 11.4
Maces & Flails | 6 7 9 11 12 | 12.2
Armour         | 7 8 9 11 | 11.4
Invocations    | 4 7 8 |  8.1

Action                   |  1- 3 |  4- 6 |  7- 9 | 10-12 || total
-------------------------+-------+-------+-------+-------++-------
Melee: Maul              |     5 |       |    24 |    14 ||    43
  Use: Potion            |     1 |       |     3 |     2 ||     6
 Stab: Paralysed         |       |       |     4 |       ||     4
Armor: Plate armour      |     8 |       |    47 |    48 ||   103
Dodge: Dodged            |       |       |     7 |    10 ||    17
Block: Kite shield       |    12 |       |    73 |    57 ||   142

Table legend: (Time is in decaauts)
 A = Elapsed time spent in this place.
 B = Non-inter-level travel time spent in this place.
 C = Inter-level travel time spent in this place.
 D = Time resting spent in this place.
 E = Time spent auto-exploring this place.
 F = Levels seen in this place.
 G = Mean time per level.
                   A        B        C        D        E       F      G
               +--------+--------+--------+--------+--------+-----+--------+
         Total |    725 |    725 |      0 |    418 |      0 |   1 |  725.0 |
       Dungeon |    725 |    725 |      0 |    418 |      0 |   1 |  725.0 |
               +--------+--------+--------+--------+--------+-----+--------+

Top non-repeatable levels by time:
       D: 725 daAuts
